 Dungeon Crawl Stone Soup version 0.22-a0-305-gd21a89c (webtiles) character file.

63 grindst0ne the Shield-Bearer (level 4, -2/37 HPs)
             Began as a Formicid Fighter on Mar 28, 2018.
             Was an Initiate of Cheibriados.
             Slain by an orc priest
             ... wielding a +0 flail
              (4 damage)
             ... on level 3 of the Dungeon.
             The game lasted 00:02:07 (1186 turns).

grindst0ne the Shield-Bearer (Formicid Fighter)     Turns: 1186, Time: 00:02:08

Health: -2/37      AC:  9    Str: 22    XL:     4   Next: 31%
Magic:  4/4        EV:  8    Int:  9    God:    Cheibriados [......]
Gold:   64         SH: 10    Dex: 11    Spells: 3/3 levels left

rFire    . . .     SeeInvis +   a - +0 war axe
rCold    . . .     Gourm    .   c - +0 shield
rNeg     . . .     Faith    .   b - +0 scale mail
rPois    .         Spirit   .   (helmet unavailable)
rElec    .         Reflect  .   h - +0 cloak
rCorr    .         Harm     .   (no gloves)
MR       .....                  i - +0 pair of boots
Stlth    ..........             (no amulet)
HPRegen  0.12/turn              (no ring)
MPRegen  0.09/turn              (no ring)

@: very slow
A: permanent stasis, dig shafts and tunnels, four strong arms, antennae 3
a: Dig, Shaft Self, Bend Time, Renounce Religion


You were on level 3 of the Dungeon.
You worshipped Cheibriados.
Cheibriados was noncommittal.
You were not hungry.

You visited 1 branch of the dungeon, and saw 4 of its levels.

You collected 64 gold pieces.

Inventory:

Hand Weapons
 a - a +0 war axe (weapon)
Armour
 b - a +0 scale mail (worn)
 c - a +0 shield (worn)
 h - a +0 cloak (worn)
 i - a +0 pair of boots (worn)
Scrolls
 e - 3 scrolls of teleportation {unknown}
 g - 5 scrolls of identify {unknown}
 m - a scroll of immolation {unknown}
 n - 3 scrolls of remove curse {unknown}
Potions
 d - a potion of might
 k - 2 potions of invisibility {unknown}
 l - a potion of mutation {unknown}
Comestibles
 f - 5 rations


   Skills:
 + Level 4.1 Fighting
 + Level 2.9 Axes
 - Level 3.2 Armour
 + Level 4.4 Shields


You had 3 spell levels left.
You didn't know any spells.

Dungeon Overview and Level Annotations

Branches:
Dungeon (4/15)
 Temple: D:4-7

Altars:
Cheibriados
Gozag


Innate Abilities, Weirdness & Mutations

You cannot be hasted, slowed, berserked, paralysed or teleported.
You can dig through walls and to a lower floor.
Your four strong arms can wield two-handed weapons with a shield.
You have a pair of large antennae on your head. (SInv)


Message History

You hit the orc priest but do no damage.
You barely miss the orc. You block the orc's attack.
The orc priest hits you with a flail.
The goblin shoots a stone.
The stone closely misses you. The orc barely misses you.
You slash the orc priest!
The orc priest is severely wounded.
You hit the orc.
You kill the orc!
Cheibriados appreciates the change of pace.
The orc priest hits you but does no damage.
The goblin shoots a stone.
The stone hits you but does no damage.
The orc priest mumbles some strange prayers to Beogh against you.
Beogh smites you!
* * * LOW HITPOINT WARNING * * *
Items here: $ ( ) † a club; 9 stones; 10 gold pieces; a hobgoblin corpse You barely miss the orc priest.
The orc priest is severely wounded.
The orc priest hits you with a flail.
You die...

#.........# #.#..# .
#.........# #.#..#
.##.........####.#...
.''.........'........
#......(..####.....
#.....(...#.......#
#..).(....#.#######
#.o().....#.#
#.@#)######## #..#...
####..... #.....≈≈
#....≈≈g #.....≈≈
#.....≈≈


You could see an orc priest.

Vanquished Creatures
  An ooze (D:1)
  3 dart slugs
  A leopard gecko (D:1)
  2 orcs (D:3)
  5 bats
  A giant cockroach (D:3)
  7 goblins
  13 hobgoblins
  3 kobolds
  4 frilled lizards
  4 rats
44 creatures vanquished.

Notes
Turn   | Place    | Note
-------+----------+-------------------------------------------
     0 | D:1      | grindst0ne the Formicid Fighter began the quest for the Orb.
     0 | D:1      | Reached XP level 1. HP: 18/18 MP: 1/1
   112 | D:1      | Reached XP level 2. HP: 17/24 MP: 2/2
   340 | D:1      | Reached XP level 3. HP: 27/30 MP: 3/3
   947 | D:2      | Found a snail-covered altar of Cheibriados.
   951 | D:2      | Became a worshipper of Cheibriados the Contemplative
  1056 | D:2      | You fall through a shaft for 2 floors!
  1104 | D:2      | Found an opulent altar of Gozag.
  1167 | D:3      | Reached XP level 4. HP: 37/37 MP: 4/4
  1186 | D:3      | Slain by an orc priest

Vault maps used:
D:1:      scummos_arrival_forest, serial_co_window_serial, co_window_paths_b,
          co_window_paths_a, co_window_paths_a, co_window_of_opportunity_a,
          co_window_of_opportunity_a, co_window_cross_2, co_window_corner_cb,
          co_window_paths_c, co_window_corner_b, glass_columns_c,
          glass_columns_c, glass_columns_a, glass_columns_b, glass_columns_b
D:2:      lemuel_blue_sif_altar, nicolae_overflow_hidden_temple,
          kennysheep_slug_shrine
D:3:      minmay_goblin_outpost
D:4:      elyvilon_altar_1, lemuel_zombie_altar_yredelemnul, first_ration,
          uniq_blork_the_orc, uniq_duvessa

Skill      XL: |  1  2  3  4 |
---------------+-------------+-----
Shields        | 4 |  4.4
Fighting       | 4 |  4.1
Axes           | |  2.9
Armour         | |  3.2

Action                   |  1- 3 |  4- 6 || total
-------------------------+-------+-------++-------
Melee: War axe           |    78 |    18 ||    96
  Eat: Chunk             |     1 |       ||     1
Armor: Scale mail        |    43 |    15 ||    58
Dodge: Dodged            |    37 |    10 ||    47
Block: Shield            |    48 |    12 ||    60

Table legend:
 A = Spawn XP
 B = Non-spawn XP
 C = Spawn XP percentage of total XP
 D = Spawn monster count
 E = Non-spawn monster count
 F = Spawn count percentage of total count
 G = Total turns spent on level
                    A         B        C        D         E        F      G
               +---------+---------+-------+---------+---------+-------+---------
         Total |       0 |      91 |   0.0 |       0 |      44 |   0.0 |  1186
               +---------+---------+-------+---------+---------+-------+---------
           D:1 |       0 |      45 |   0.0 |       0 |      22 |   0.0 |   830
           D:2 |       0 |      16 |   0.0 |       0 |       8 |   0.0 |   245
           D:3 |       0 |      30 |   0.0 |       0 |      14 |   0.0 |   102
               +---------+---------+-------+---------+---------+-------+---------
